 Dungeon Crawl Stone Soup version 0.30-a0-371-gad7725a93e (webtiles) character file.

Game seed: 13890777061406828490

102 NinjaNoafa the Shield-Bearer (level 4, -2/44 HPs)
             Began as a Troll Fighter on Nov 22, 2022.
             Was an Initiate of Hepliaklqana.
             Slain by Duvessa
             ... wielding a +0 short sword of electrocution
              (14 damage)
             ... on level 4 of the Dungeon.
             The game lasted 00:04:25 (2069 turns).

NinjaNoafa the Shield-Bearer (Troll Fighter)        Turns: 2069, Time: 00:04:27

Health: -2/44      AC:  4    Str: 24    XL:     4   Next: 50%
Magic:  3/3        EV:  9    Int:  4    God:    Hepliaklqana [......]
Gold:   125        SH:  8    Dex: 11    Spells: 3/3 levels left

rFire   + . .      SeeInvis .      - Unarmed
rCold   . . .      Faith    .    b - +0 kite shield
rNeg    . . .      Spirit   .    a - +0 robe
rPois   .          Reflect  .    (helmet restricted)
rElec   .          Harm     .    (no cloak)
rCorr   .          Rampage  .    (gloves unavailable)
Will    .....                    (boots unavailable)
Stlth   +.........               (no amulet)
HPRegen 1.07/turn                h - ring of protection from fire
MPRegen 0.08/turn                (no ring)

@: no status effects
A: large, unfitting armour, claws 3, regeneration 1, shaggy fur 1, tough skin 1
a: Renounce Religion


You were on level 4 of the Dungeon.
You worshipped Hepliaklqana.
Hepliaklqana was noncommittal.
You visited 1 branch of the dungeon, and saw 4 of its levels.

You collected 125 gold pieces.

Inventory:

Missiles
 g - 20 stones (quivered)
Armour
 a - a +0 robe (worn)
 b - a +0 kite shield (worn)
Jewellery
 h - a ring of protection from fire (left claw)
Scrolls
 d - a scroll of blinking {unknown}
 e - a scroll of butterflies {unknown}
 f - a scroll of fear {unknown}
 j - a scroll of identify {unknown}


   Skills:
 - Level 2.4 Fighting
 - Level 2.4 Dodging
 + Level 4.9 Shields
 - Level 2.0 Unarmed Combat


You had 3 spell levels left.
You didn't know any spells.
Your spell library contained the following spells:

 Spells                   Type           Power      Damage    Failure   Level
 Borgnjor's Revivificati  Necr           0%         N/A       100%        8
 Necromutation            Tmut/Necr      0%         N/A       100%        8
 Death's Door             Necr           0%         N/A       100%        9


Dungeon Overview and Level Annotations

Branches:
Dungeon (4/15)
 Temple: D:4-7

Altars:
Hepliaklqana
Qazlal
The Shining One

Portals:
Ossuary: D:4

Annotations:
D:2 1 runed translucent door, Crazy Yiuf
D:4 Dowan, Duvessa


Innate Abilities, Weirdness & Mutations

You are too large for most types of armour.
You have claws for hands.
Your natural rate of healing is unusually fast.
You are covered in fur. (AC +1)
You have tough skin. (AC +1)


Message History

The bolt of dispelling energy hits you!
You feel very mighty all of a sudden.
You scratch the goblin.
You kill the goblin!
You closely miss the adder. The adder barely misses you.
You closely miss the adder. The adder bites you but does no damage.
Dowan casts a spell.
Dowan blinks!
You block the adder's attack.
You claw the adder!
The adder is almost dead.
The adder bites you.
You are poisoned.
The adder poisons you!
You closely miss the adder.
The adder is almost dead.
You feel sick. The adder bites you but does no damage.
You block the adder's attack.
You claw the adder!
You kill the adder!
You feel sick.
Duvessa hits you with a +0 short sword of electrocution!
You are electrocuted!
You claw Duvessa!
Duvessa is heavily wounded.
You feel sick.
Dowan gestures wildly while chanting.
Dowan blinks!
Duvessa hits you with a +0 short sword of electrocution!
* * * LOW HITPOINT WARNING * * *
It was a potion of curing.
You feel better.
Duvessa zaps a wand.
The bolt of dispelling energy hits you!
Your magical effects are unravelling.
* * * LOW HITPOINT WARNING * * *
The now-empty wand crumbles to dust.
You feel better.
You feel a little less mighty now.
Duvessa hits you with a +0 short sword of electrocution.
* * * LOW HITPOINT WARNING * * *
You are electrocuted!
You die...

...#.....#... .#.....##
...?..#.#. .. ..#8....#
.#.#...e...# #. ###...##
....#...#. .. #.....#
..#....#.. .#.####.....#
.....#...#....#..###..##
.#.#...)...#.##.###.∩.##
....##e##$..##.#8##.#.8
. #@# ###..........
#.#####.....#.####
#..........##.#
#########.###.# #...>.#
#######


You could see Duvessa and Dowan.

Vanquished Creatures
  3 adders
  A worm (D:2)
  3 dart slugs
  4 orcs (D:4)
  5 bats
  4 endoplasms (D:1)
  5 goblins
  6 hobgoblins
  4 jackals (D:1)
  7 quokkas
  3 ball pythons
  3 frilled lizards
  4 kobolds
  6 rats
58 creatures vanquished.

Vanquished Creatures (others)
  An orc (D:4)
1 creature vanquished.

Grand Total: 59 creatures vanquished

Notes
Turn   | Place    | Note
-------+----------+-------------------------------------------
     0 | D:1      | NinjaNoafa the Troll Fighter began the quest for the Orb.
     0 | D:1      | Reached XP level 1. HP: 22/22 MP: 0/0
   114 | D:1      | Reached skill level 3 in Shields
   120 | D:1      | Reached XP level 2. HP: 29/29 MP: 1/1
   284 | D:1      | Reached XP level 3. HP: 36/36 MP: 2/2
   739 | D:2      | Reached skill level 4 in Shields
  1014 | D:2      | Found a hazy altar of Hepliaklqana.
  1183 | D:2      | Found a runed translucent door.
  1184 | D:2      | Noticed Crazy Yiuf
  1228 | D:2      | Reached XP level 4. HP: 44/44 MP: 3/3
  1249 | D:2      | Found a faded altar of an unknown god.
  1671 | D:2      | Became a worshipper of Hepliaklqana the Forgotten
  1856 | D:3      | Noticed a scorpion
  1912 | D:3      | Found a glowing golden altar of the Shining One.
  1924 | D:3      | Found a stormy altar of Qazlal.
  2021 | D:4      | Found a sand-covered staircase.
  2049 | D:4      | Noticed Duvessa
  2054 | D:4      | Noticed Dowan
  2069 | D:4      | Slain by Duvessa

Illustrated notes

Levels and vault maps discovered:
D:1:      elethiomel_arrival_infinity_welcomes_careful_drivers, layout_rooms,
          minmay_misc_feat_secret_circle, serial_park_tiny_pond
D:2:      layout_basic, hellmonk_ecumenical_altar_heavens_door, basic_altar,
          uniq_crazy_yiuf_cottage
D:3:      layout_rooms, amethyst_overflow_temple_binary, serial_shops, shop,
          minmay_between
D:4:      layout_loops_corners, mainiacjoe_overflow_small_starburst,
          kennysheep_orc_sif_temple, mainiacjoe_overflow_24_doors,
          jmf_multi_god_temple, minmay_temple_entry_stoned_glass,
          lightli_ossuary_entry_decrepit_ruins, nicolae_kite_square_tiling_tiny,
          uniq_duvessa

Skill      XL: |  1  2  3 |
---------------+----------+-----
Shields        | 3 4 |  4.9
Fighting       | |  2.4
Dodging        | |  2.4
Unarmed Combat | |  2.0

Action                   |  1- 3 |  4- 6 || total
-------------------------+-------+-------++-------
Melee: Unarmed           |   140 |    43 ||   183
  Use: Potion            |       |     3 ||     3
 Stab: Sleeping          |     1 |       ||     1
Armor: Robe              |    57 |     8 ||    65
Dodge: Dodged            |    78 |    13 ||    91
Block: Kite shield       |    75 |    15 ||    90

Table legend: (Time is in decaauts)
 A = Elapsed time spent in this place.
 B = Non-inter-level travel time spent in this place.
 C = Inter-level travel time spent in this place.
 D = Time resting spent in this place.
 E = Time spent auto-exploring this place.
 F = Levels seen in this place.
 G = Mean time per level.
                   A        B        C        D        E       F      G
               +--------+--------+--------+--------+--------+-----+--------+
         Total |   2087 |   1917 |    170 |      0 |   1387 |   4 |  521.8 |
       Dungeon |   2087 |   1917 |    170 |      0 |   1387 |   4 |  521.8 |
               +--------+--------+--------+--------+--------+-----+--------+

Top non-repeatable levels by time:
     D:2: 1101 daAuts
     D:1: 706 daAuts
     D:3: 205 daAuts
     D:4: 74 daAuts
